 Dungeon Crawl Stone Soup version 0.30-a0-365-ge7f957f1db (webtiles) character file.

Game seed: 13094703443086399368

23 sanka the Caller (level 2, 0/11 HPs)
             Began as a Felid Summoner on Nov 16, 2022.
             Slain by a quokka (4 damage)
             ... on level 1 of the Dungeon.
             The game lasted 00:02:13 (478 turns).

sanka the Caller (Felid Summoner)                    Turns: 478, Time: 00:02:14

Health: 0/11       AC:  1    Str:  4    XL:     2   Next: 75%
Magic:  3/6        EV: 17    Int: 16    God:
Gold:   79         SH:  0    Dex: 16    Spells: 2/5 levels left
                                        Lives:  0   Deaths: 0

rFire   . . .      SeeInvis +    (weapon unavailable)
rCold   . . .      Faith    .    (shield unavailable)
rNeg    . . .      Spirit   .    (body armour unavailable)
rPois   .          Reflect  .    (helmet unavailable)
rElec   .          Harm     .    (cloak unavailable)
rCorr   .          Rampage  .    (gloves unavailable)
Will    .....                    (boots unavailable)
Stlth   ++........               (no amulet)
HPRegen 0.21/turn                (no ring)
MPRegen 0.10/turn                (no ring)

@: quick
A: very small, claws 1, fangs 3, see invisible, speed 1, shaggy fur 1, stealthy
paws, no weapons or thrown items, no armour, multi-lived
a: no special abilities


You were on level 1 of the Dungeon.
You visited 1 branch of the dungeon, and saw 1 of its levels.

You collected 79 gold pieces.


Innate Abilities, Weirdness & Mutations

You have sharp claws.
You have razor-sharp teeth.
You have supernaturally acute eyesight. (SInv)
You cover ground quickly. (Speed+)
You are covered in fur. (AC +1)
Your paws help you pounce on unaware monsters.
You are incapable of wielding weapons or throwing items.
You cannot wear armour.
You gain extra lives every three experience levels.


   Skills:
 - Level 2.6 Dodging
 - Level 2.6 Stealth
 - Level 2.0 Spellcasting
 + Level 4.9 Summonings


You had 2 spell levels left.
You knew the following spells:

 Your Spells              Type           Power      Damage    Failure   Level
x - Call Imp              Summ           17%        N/A       4%          2
z - Summon Small Mammal   Summ           68%        N/A       2%          1

Your spell library contained the following spells:

 Spells                   Type           Power      Damage    Failure   Level
 Call Canine Familiar     Summ           17%        N/A       9%          3
 Summon Guardian Golem    Hex/Summ       9%         N/A       22%         3
 Inner Flame              Hex/Fire       1%         N/A       52%         3
 Summon Lightning Spire   Summ/Air       9%         N/A       58%         4
 Flame Wave               Conj/Fire      1%         2d4       90%         4
 Sticky Flame             Conj/Fire      1%         2d3       90%         4

Inventory:

Scrolls
 c - 2 scrolls of immolation {unknown}
 d - a scroll of fog {unknown}
 e - a scroll of identify {unknown}
 g - a scroll of noise {unknown}
Potions
 a - 2 potions of magic
 b - a potion of lignification {unknown}
 f - a potion of curing {unknown}

Dungeon Overview and Level Annotations

Branches:
Dungeon (1/15)

Altars:
▒▒. .▒... ▒ .. ▒.. P...▒ .▒▒▒.▒ ▒..♣♣ wJPr▒

..▒.▒
▒.▒P♣♣♣♣PPP.▒
▒...
▒......5#PP?▒
▒..▒
▒▒.....)...▒▒
▒..▒
▒▒▒.▒▒.▒▒▒▒▒▒
▒..▒▒▒▒
▒.....#.r.▒
▒.....▒
▒▒▒▒▒▒▒▒▒h▒▒
▒▒.▒▒▒.▒
▒.5▒▒
▒▒▒▒▒..▒ ▒.▒
▒▒..▒
▒.....▒▒ ▒.▒
▒▒.▒▒▒....▒▒
▒.▒
▒..▒▒...▒▒
▒.▒ ▒▒.▒▒..†▒
▒.▒ ▒.▒▒...▒
▒.▒ ▒.▒▒...▒
▒.. ▒......▒
▒▒.


You could see a quokka (ally target) and a friendly crimson imp (summoned).


Message History

The endoplasm hits the bush but does no damage.
The goblin closely misses you.
The dart slug bites the bush.
You scratch the goblin.
You kill the goblin!
Your crimson imp hits the plant.
The plant begins to die.
The endoplasm hits the bush but does no damage.
The endoplasm hits the bush but does no damage.
The dart slug bites something.
A rat comes into view.
The endoplasm hits the bush but does no damage.
The dart slug bites something.
The endoplasm hits the bush but does no damage.
The dart slug launches a dart at you. The slug dart hits you.
The endoplasm hits the bush but does no damage.
Your crimson imp hits the plant.
The plant begins to die.
A nearby plant withers and dies.
The endoplasm hits the bush but does no damage.
The dart slug bites the bush but does no damage.
You see here a +0 dagger.
The quokka bites you.
* * * LOW HITPOINT WARNING * * *
Something hits the bush.
The quokka twitches its whiskers.
A beastly little devil appears in a puff of flame.
The quokka bites you.
You die...

Action                   || total
-------------------------++-------
Melee: Unarmed           ||    27
       Bite              ||     4
 Cast: Summon Small Mamm ||    17
       Call Imp          ||     4
 Stab: Distracted        ||     1
       Sleeping          ||     1
Armor: Skin              ||     1
Dodge: Dodged            ||    29

Levels and vault maps discovered:
D:1:      mrwooster_arrival_statue_2, layout_rooms, serial_shops, shop,
          basic_ecumenical_altar, serial_forest, infiniplex_forest_straight_5,
          infiniplex_forest_clump_curved, infiniplex_forest_clump_large,
          infiniplex_forest_straight_5, infiniplex_forest_clump_tiny,
          minmay_tall_x

Notes
Turn   | Place    | Note
-------+----------+-------------------------------------------
     0 | D:1      | sanka the Felid Summoner began the quest for the Orb.
     0 | D:1      | Reached XP level 1. HP: 7/7 MP: 4/4
   201 | D:1      | Reached XP level 2. HP: 11/11 MP: 3/6
   204 | D:1      | Learned a level 2 spell: Call Imp
   478 | D:1      | Slain by a quokka

Vanquished Creatures
  An endoplasm (D:1)
  A giant cockroach (D:1)
  A hobgoblin (D:1)
  A kobold (D:1)
  A goblin (D:1)
  2 rats (D:1)
7 creatures vanquished.

Vanquished Creatures (collateral kills)
  2 dart slugs (D:1)
  3 ball pythons (D:1)
  An endoplasm (D:1)
  A goblin (D:1)
  A hobgoblin (D:1)
  A frilled lizard (D:1)
  2 kobolds (D:1)
  A rat (D:1)
12 creatures vanquished.

Vanquished Creatures (others)
  4 plants (D:1)
4 creatures vanquished.

Grand Total: 23 creatures vanquished
